 Dungeon Crawl Stone Soup version 0.31-a0-1547-g618ab1f346 (webtiles) character file.

Game seed: 11075004430708067755

5398 Flugslaktarn the Toxicologist (level 10, -4/63 HPs)
             Began as an Octopode Alchemist on Jan 3, 2024.
             Was a Follower of Ashenzari.
             Slain by a troll (17 damage)
             ... on level 9 of the Dungeon.
             The game lasted 00:20:34 (4430 turns).

Flugslaktarn the Toxicologist (Octopode Alchemist)  Turns: 4430, Time: 00:20:35

Health: -4/63      AC:  1    Str:  8    XL:     10   Next: 66%
Magic:  18/30      EV: 15    Int: 26    God:    Ashenzari [*.....]
Gold:   462        SH:  0    Dex: 14    Spells: 10/24 levels left

rFire   . . .        C - +7 Throatcutter {drain, coup de grace}
rCold   . . .        (no shield)
rNeg    . . .        (helmet restricted)
rPois   .            m - amulet of magic regeneration
rElec   .            c - ring of Ashenzari's Blue Moon {Int+6, Comp, Sorc} (curse)
rCorr   .            f - ring of Supernal Gnosis {MP+9, Elem, Cun} (curse)
SInv    .            (no ring)
Will    .....        (no ring)
Stlth   +++          (no ring)
HPRegen 0.30/turn    (no ring)
MPRegen 0.62/turn    (no ring)
                     (no ring)

%: no passive effects
@: lethally poisoned (-4 -> -22), freezing walls, very slightly contaminated
A: almost no armour, amphibious, 8 rings, camouflage 1, gelatinous body 1,
(nimble swimmer 1), tentacles
a: Renounce Religion, Curse Item, Shatter the Chains


You were on level 9 of the Dungeon.
You worshipped Ashenzari.
Ashenzari was aware of your devotion.
You visited 1 branch of the dungeon, and saw 9 of its levels.
You also visited: Ossuary.

You collected 462 gold pieces.

Inventory:

Hand Weapons
 e - a +0 whip
   (You found it on level 2 of the Dungeon)
 C - the +7 Throatcutter (weapon) {drain, coup de grace}
   (You found it on level 8 of the Dungeon)
Missiles
 n - 2 throwing nets
Jewellery
 c - the cursed ring of Ashenzari's Blue Moon (left tentacle) {Int+6, Comp, Sorc}
   (You found it on level 2 of the Dungeon)

   [ring of intelligence]

   Int+6:     It affects your intelligence (+6).
   It has a curse which improves the following skills: Companions: Summonings
   and Necromancy.
   Sorcery:   Conjurations and Alchemy.
 f - the cursed ring of Supernal Gnosis (right tentacle) {MP+9, Elem, Cun}
   (You found it on level 5 of the Dungeon)

   [ring of magical power]

   MP+9:      It affects your magic capacity (+9).
   It has a curse which improves the following skills: Elements: Fire Magic, Ice
   Magic, Air Magic and Earth Magic.
   Cunning:   Dodging and Stealth.
 m - an amulet of magic regeneration (around mantle)
   (You found it on level 4 of the Dungeon)
 r - a ring of fire
   (You found it on level 6 of the Dungeon)
Talismans
 x - a beast talisman
   (You found it on level 6 of the Dungeon)
Wands
 o - a wand of paralysis (2)
   (You found it on level 3 of the Dungeon)
 p - a wand of flame (14)
   (You found it on level 9 of the Dungeon)
 s - a wand of acid (2)
   (You found it on level 3 of the Dungeon)
 y - a wand of polymorph (13)
   (You found it on level 8 of the Dungeon)
 E - a wand of mindburst (1)
   (You found it on level 9 of the Dungeon)
Scrolls
 g - 3 scrolls of amnesia
 j - a scroll of poison
 k - a scroll of fear
 l - a scroll of summoning
 u - 3 scrolls of revelation
 v - 2 scrolls of enchant armour
 z - a scroll of blinking
Potions
 a - 3 potions of magic
 b - 4 potions of mutation
 d - 2 potions of attraction
 h - 3 potions of haste
 i - a potion of ambrosia
 q - 3 potions of curing
 t - 2 potions of invisibility
 w - 3 potions of heal wounds
 A - a potion of brilliance
 B - a potion of cancellation
 D - a potion of berserk rage


   Skills:
 - Level 4.0 Fighting
 - Level 4.2(5.0) Dodging
 - Level 2.6(3.3) Stealth
 - Level 7.9 Spellcasting
 - Level 7.0(7.8) Conjurations
 + Level 3.9(4.6) Fire Magic
 - Level 2.2(2.9) Ice Magic
 - Level 9.0(9.8) Alchemy
 - Level 3.0 Evocations


You had 10 spell levels left.
You knew the following spells:

 Your Spells              Type           Power      Damage    Failure   Level
a - Sting                 Conj/Alch      100%       1d9       1%          1
b - Olgreb's Toxic Radia  Alch           57%        N/A       1%          4
c - Frozen Ramparts       Ice            50%        1d8       4%          3
d - Apportation           Tloc           20%        N/A       6%          1
i - Irradiate             Conj/Alch      27%        3d20      4%          5

Your spell library contained the following spells:

 Spells                   Type           Power      Damage    Failure   Level
 Freeze                   Ice            100%       1d10      1%          1
 Mercury Vapours          Alch/Air       72%        N/A       1%          2
 Hailstorm                Conj/Ice       38%        3d9       1%          3
 Mephitic Cloud           Conj/Alch/Air  41%        N/A       1%          3
 Sticky Flame             Fire/Alch      48%        2d9       3%          4
 Necrotise                Necr           40%        1d6       5%          1
 Summon Small Mammal      Summ           40%        N/A       5%          1
 Inner Flame              Hex/Fire       22%        N/A       6%          3
 Ignition                 Fire           17%        3d7       100%        8


Dungeon Overview and Level Annotations

Branches:
Dungeon (9/15)             Temple (0/1) D:4            Lair (0/5) D:9
Ossuary (visited)
    Orc: D:9-12

Altars:
Ashenzari
Elyvilon
Hepliaklqana
Qazlal
Trog
Xom
Yredelemnul
The Shining One

Annotations:
D:2 exclusions: 3 orcs and orc priest, Terence
D:4 1 runed translucent door
D:6 exclusion: downstairs
D:8 exclusion: vampire mosquito


Innate Abilities, Weirdness & Mutations

You cannot wear most types of armour.
You are amphibious.
You can wear up to eight rings at the same time.
Your skin changes colour to match your surroundings (Stealth+).
Your rubbery body absorbs attacks. (AC +1, EV +1)
((You are camouflaged when in or above water. (Stealth+)))
You have tentacles for arms and can constrict up to eight enemies at once.


Message History

2 yaks come into view.
The yak bellows! x2
Unknown command.
Casting: Frozen Ramparts (dangerous; 4% risk of failure)
Confirm with . or Enter, or press ? or * to list all spells.
You begin to radiate toxic energy.
The yak is poisoned.
The yak bellows!
The yak is poisoned. x2; The yak looks even sicker. x2
Casting: Olgreb's Toxic Radiance (dangerous; 1% risk of failure)
Confirm with . or Enter, or press ? or * to list all spells.
Your toxic radiance grows in intensity.
Found a scroll of amnesia.
The yak looks even sicker.
The yak looks even sicker.
The yak looks even sicker. x2
Your toxic aura wanes.
The yak gores you! The yak attacks as it pursues you!
The yak completely misses you.
You hit the yak. You squeeze the yak!
You kill the yak!
The yak barely misses you. The yak gores you!
Your Fire Magic skill increases to level 2!
You barely miss the yak. You squeeze the yak, but do no damage.
The yak is almost dead.
The yak gores you. The yak gores you! The yak misses you.
You barely miss the yak.
The yak is almost dead.
The yak gores you!
* * * LOW HITPOINT WARNING * * *
The yak misses you.
Casting: Olgreb's Toxic Radiance (dangerous; 1% risk of failure)
Confirm with . or Enter, or press ? or * to list all spells.
You erupt in a fountain of uncontrolled magic!
The yak is blasted with magical radiation!
You kill the yak!
The yak is blasted with magical radiation!!
You kill the yak!
You are very lightly contaminated with residual magic.
Your base Fire Magic skill increases to level 3!
Unknown command.
You see here a yak corpse.
Found 3 large rocks.
g - 3 scrolls of amnesia (gained 1)
Okay, then.
Found 13 gold pieces.
You now have 462 gold pieces (gained 13).
Your magical contamination has completely faded away.
You open the door. 3 howler monkeys come into view.
The howler monkey howls!
Found 10 stones.
Unknown command.
Casting: Irradiate (dangerous; 4% risk of failure)
Confirm with . or Enter, or press ? or * to list all spells.
You begin to radiate toxic energy.
The howler monkey is poisoned. x3
The howler monkey looks even sicker. x2
The howler monkey looks even sicker. x2
An orc warrior comes into view. It is wielding a +0 war axe.
A troll comes into view.
The howler monkey looks even sicker. x2
The howler monkey looks as sick as possible!
Your toxic aura wanes.
You kill the howler monkey! x2
The howler monkey hits you.
* * * LOW HITPOINT WARNING * * *
Casting: Olgreb's Toxic Radiance (dangerous; 1% risk of failure)
Confirm with . or Enter, or press ? or * to list all spells.
You begin to radiate toxic energy.
The orc warrior is poisoned.
The howler monkey looks as sick as possible!
The howler monkey hoots and howls with incredible vigour!
The orc warrior looks even sicker.
You kill the howler monkey!
Your toxic aura wanes.
Casting: Olgreb's Toxic Radiance (dangerous; 1% risk of failure)
Confirm with . or Enter, or press ? or * to list all spells.
You begin to radiate toxic energy.
The troll is poisoned.
The orc warrior looks even sicker.
The troll looks even sicker.
You kill the orc warrior!
The troll looks even sicker.
Your toxic aura wanes.
Casting: Olgreb's Toxic Radiance (dangerous; 1% risk of failure)
Confirm with . or Enter, or press ? or * to list all spells.
You begin to radiate toxic energy.
The troll looks as sick as possible!
The troll looks as sick as possible!
Casting: Olgreb's Toxic Radiance (dangerous; 1% risk of failure)
Confirm with . or Enter, or press ? or * to list all spells.
The walls around you are covered in ice.
Your toxic aura wanes.
The wall freezes the troll.
The wall freezes the troll but does no damage.
Casting: Frozen Ramparts (dangerous; 4% risk of failure)
Confirm with . or Enter, or press ? or * to list all spells.
You miscast Irradiate.
You are very lightly contaminated with residual magic.
Parts of your body briefly turn golden.
You are lethally poisoned!
* * * LOW HITPOINT WARNING * * *
You feel very sick.
The wall freezes the troll.
The troll bites you!
You die...

#.. .....#..## #....###.###
..# ..........###...(#.....#
..# .........#.##..........#
. ..#
........##.............# ..
... .......................#
..~ ..#
#...............##.....# ....
...
...............#...##..#†....
...
........†...........#..'..o~T
...
........†...@T.......).#.....
.....#............#....#...#
..(.
#....###...............#...#
..~
......###......([..........#
..
#.....#.####.........#.##..#
. #.......###..####...#####.#
#.............# ##..# ###
##............## ##...
#..............#.#


You could see a troll (very poisoned).

Vanquished Creatures
  A two-headed ogre (D:6)
  A kobold demonologist (D:6)
  A troll (D:6)
  A wyvern (D:9)
  3 yaks (D:9)
  A steam dragon (D:8)
  Menkaure (Ossuary)
  2 water moccasins
  2 orc warriors
  2 sky beasts
  A black bear (D:6)
  2 ice beasts
  3 ogres
  A phantom (D:5)
  5 centaurs
  A gnoll sergeant (D:6)
  3 scorpions
  2 wights (D:8)
  4 killer bees (D:8)
  4 howler monkeys
  A bombardier beetle (D:6)
  A jelly (D:6)
  2 gnoll boudas (D:6)
  5 hounds
  7 orc priests
  2 sleepcaps (D:6)
  A scorpion zombie (D:5)
  4 iguanas
  8 orc wizards
  5 hound zombies (D:5)
  3 mummies (Ossuary)
  11 gnolls
  11 adders
  3 white imps
  5 ufetubi (D:6)
  An adder skeleton (D:5)
  A dart slug (D:3)
  3 ribbon worms
  15 orcs
  An endoplasm (D:2)
  A giant cockroach (D:2)
  2 gnoll zombies (Ossuary)
  5 goblins
  3 hobgoblins
  4 jackals (D:4)
  2 quokkas
  7 ball pythons
  3 frilled lizards
  9 gnoll skeletons (Ossuary)
  4 goblin skeletons
  3 goblin zombies
  3 hobgoblin skeletons (Ossuary)
  A hobgoblin zombie (Ossuary)
  4 kobolds (D:4)
  2 kobold skeletons (Ossuary)
  9 kobold zombies (Ossuary)
  4 orc skeletons (Ossuary)
  6 orc zombies (Ossuary)
  A rat (D:3)
  4 rat skeletons (Ossuary)
  5 rat zombies (Ossuary)
213 creatures vanquished.

Notes
Turn   | Place    | Note
-------+----------+-------------------------------------------
     0 | D:1      | Flugslaktarn the Octopode Alchemist began the quest for the
                  | Orb.
     0 | D:1      | Reached XP level 1. HP: 11/11 MP: 3/3
   113 | D:2      | Noticed an orc priest
   219 | D:2      | Reached XP level 2. HP: 15/17 MP: 1/5
   313 | D:2      | Reached skill level 4 in Alchemy
   323 | D:2      | Reached XP level 3. HP: 21/21 MP: 2/6
   599 | D:3      | Noticed a scorpion
   605 | D:3      | Killed a scorpion
   606 | D:3      | Reached skill level 5 in Alchemy
   606 | D:3      | Reached XP level 4. HP: 23/27 MP: 3/8
   615 | D:2      | Noticed Terence
   624 | D:2      | Reached XP level 5. HP: 24/31 MP: 4/9
   676 | D:3      | Learned a level 5 spell: Irradiate
   681 | D:3      | Learned a level 4 spell: Olgreb's Toxic Radiance
   740 | D:3      | Found a white marble altar of Elyvilon.
   808 | D:3      | Found a broken altar of Ashenzari.
   831 | D:3      | Became a worshipper of Ashenzari the Shackled
  1050 | D:3      | You fall into a shaft and drop 1 floor!
  1201 | D:4      | Noticed an ogre
  1261 | D:4      | Found a staircase to the Ecumenical Temple.
  1284 | D:4      | Killed an ogre
  1285 | D:4      | Reached skill level 6 in Alchemy
  1285 | D:4      | Reached skill level 1 in Evocations
  1285 | D:4      | Reached XP level 6. HP: 37/37 MP: 8/11
  1348 | D:4      | Noticed a human
  1349 | D:4      | Found a runed translucent door.
  1381 | D:4      | Found a basalt altar of Yredelemnul.
  1423 | D:4      | Found a bloodstained altar of Trog.
  1550 | D:5      | Entered Level 5 of the Dungeon
  1624 | D:5      | Found a sand-covered staircase.
  1636 | D:5      | Reached skill level 1 in Fighting
  1752 | Ossuary  | Entered an ossuary
  2191 | Ossuary  | Noticed Menkaure
  2197 | Ossuary  | Killed Menkaure
  2198 | Ossuary  | Reached XP level 7. HP: 24/43 MP: 12/12
  2487 | D:5      | Found a stormy altar of Qazlal.
  2624 | D:5      | Reached XP level 8. HP: 22/51 MP: 14/14
  2698 | D:5      | Found a shimmering altar of Xom.
  2701 | D:5      | Found a shimmering altar of Xom.
  2702 | D:5      | Found a shimmering altar of Xom.
  2702 | D:5      | Found a shimmering altar of Xom.
  2702 | D:5      | Found a shimmering altar of Xom.
  2702 | D:5      | Found a shimmering altar of Xom.
  2703 | D:5      | Found a shimmering altar of Xom.
  2717 | D:5      | Found a shimmering altar of Xom.
  2718 | D:5      | Found a shimmering altar of Xom.
  2835 | D:6      | Reached skill level 7 in Alchemy
  2873 | D:6      | Reached skill level 5 in Conjurations
  2899 | D:6      | Reached * piety under Ashenzari
  2904 | D:6      | Learned a level 3 spell: Frozen Ramparts
  2929 | D:6      | Reached skill level 1 in Ice Magic
  3087 | D:6      | Reached skill level 5 in Spellcasting
  3092 | D:6      | Reached XP level 9. HP: 56/56 MP: 16/16
  3098 | D:6      | Noticed a kobold demonologist
  3105 | D:6      | Noticed a rust devil
  3106 | D:6      | Killed a kobold demonologist
  3121 | D:6      | Noticed a troll
  3137 | D:6      | Killed a troll
  3138 | D:6      | Reached skill level 8 in Alchemy
  3153 | D:6      | Learned a level 1 spell: Apportation
  3215 | D:6      | Noticed a two-headed ogre
  3239 | D:6      | Killed a two-headed ogre
  3381 | D:6      | Reached skill level 9 in Alchemy
  3536 | D:7      | Reached XP level 10. HP: 31/63 MP: 19/20
  3873 | D:8      | Found a glowing golden altar of the Shining One.
  4196 | D:8      | Found the +7 Throatcutter {drain, coup de grace}
  4237 | D:9      | Found a staircase to the Lair.
  4285 | D:8      | Found a hazy altar of Hepliaklqana.
  4353 | D:9      | Reached skill level 1 in Fire Magic
  4430 | D:9      | Slain by a troll

Illustrated notes

Levels and vault maps discovered:
D:1:      minmay_arrival_five_plusses, layout_basic, nrook_mini_vaults,
          palyth_stone_intersect, minmay_liquid_box
D:2:      layout_loops_cross, uniq_terence
D:3:      layout_basic, elyvilon_altar_5, ashenzari_conservatory_becter
D:4:      layout_loops_ring, dk_yredelemnul_ordeal,
          mainiacjoe_overflow_six_doors_small, mainiacjoe_overflow_catwalk,
          temple_fountains
D:5:      minmay_skewed_foursquare, layout_rooms, lemuel_tele_altar,
          xom_redecorated, mainiacjoe_ossuary_entry_find_the_door,
          minmay_misc_feat_iff
D:6:      cheibrodos_fzero, layout_gridville
D:7:      layout_basic, minmay_misc_feat_columns
D:8:      layout_loops_corners, nicolae_overflow_hidden_temple, tso_metal_star
D:9:      layout_cave_pools, lair_entry_dummy, kennysheep_generic_room_16

Skill      XL: |  1  2  3  4  5  6  7  8  9 10 |
---------------+-------------------------------+-----
Alchemy        | 4 5 6 7 9 |  9.0
Spellcasting   | 3 4 5 6 7 |  7.9
Evocations     | 1 2 3 |  3.0
Fighting       | 1 2 3 4 |  4.0
Conjurations   | 2 3 5 7 |  7.0
Ice Magic      | 2 |  2.2
Dodging        | 4 |  4.2
Fire Magic     | 3 |  3.9
Stealth        | |  2.6

Action                     |  1- 3 |  4- 6 |  7- 9 | 10-12 || total
---------------------------+-------+-------+-------+-------++-------
  Melee: Unarmed           |     4 |       |       |       ||     4
         Constrict         |     5 |    43 |    13 |     2 ||    63
         Whip              |    11 |    69 |       |       ||    80
         Tentacles         |     3 |    28 |    10 |     6 ||    47
         Punch             |       |     3 |     1 |       ||     4
         Scimitar          |       |    59 |    62 |    12 ||   133
         Long sword        |       |       |       |     8 ||     8
   Cast: Sting             |    27 |    46 |    35 |     8 ||   116
         Olgreb's Toxic Ra |       |     3 |    33 |    24 ||    60
         Frozen Ramparts   |       |       |     5 |     5 ||    10
         Irradiate         |       |       |     9 |     5 ||    14
 Invoke: Curse Item        |       |     1 |     2 |       ||     3
         Shatter the Chain |       |       |       |     1 ||     1
  Evoke: Wand              |       |     2 |     7 |       ||     9
    Use: Scroll            |       |     3 |     5 |       ||     8
         Potion            |       |     1 |     3 |       ||     4
   Stab: Sleeping          |       |     2 |     2 |     1 ||     5
         Distracted        |       |       |     1 |       ||     1
         Paralysed         |       |       |     2 |       ||     2
 Armour: Skin              |    11 |    68 |    54 |    31 ||   164
  Dodge: Dodged            |     8 |    79 |    70 |    35 ||   192

Table legend: (Time is in decaauts)
 A = Elapsed time spent in this place.
 B = Non-inter-level travel time spent in this place.
 C = Inter-level travel time spent in this place.
 D = Time resting spent in this place.
 E = Time spent auto-exploring this place.
 F = Levels seen in this place.
 G = Mean time per level.
                   A        B        C        D        E       F      G
               +--------+--------+--------+--------+--------+-----+--------+
         Total |   4492 |   4268 |    224 |    229 |   1264 |  10 |  449.2 |
       Dungeon |   3871 |   3647 |    224 |     84 |   1214 |   9 |  430.1 |
       Ossuary |    621 |    621 |      0 |    145 |     50 |   1 |  621.0 |
               +--------+--------+--------+--------+--------+-----+--------+

Top non-repeatable levels by time:
     D:6: 713 daAuts
     D:5: 698 daAuts
 Ossuary: 621 daAuts
     D:2: 509 daAuts
     D:3: 490 daAuts
     D:4: 436 daAuts
     D:8: 408 daAuts
     D:7: 296 daAuts
     D:9: 201 daAuts
     D:1: 116 daAuts
